 Dungeon Crawl Stone Soup version 0.29.1-12-g30fa7ad0bf (webtiles) character file.

Game seed: 5625398377506091766

2311 soggyman666 the Chopper (level 9, -1/55 HPs)
             Began as a Gargoyle Fighter on Dec 25, 2022.
             Was an Initiate of Ashenzari.
             Slain by Grum
             ... wielding a +1 spear
              (15 damage)
             ... on level 8 of the Dungeon.
             The game lasted 00:17:49 (9304 turns).

soggyman666 the Chopper (Gargoyle Fighter)          Turns: 9304, Time: 00:17:49

Health: -1/55      AC: 18    Str: 28    XL:     9   Next: 41%
Magic:  9/9        EV:  8    Int:  9    God:    Ashenzari [......]
Gold:   337        SH:  6    Dex:  9    Spells: 8/8 levels left

rFire   . . .      SeeInvis .   C - +5 trident of the Moon {holy, rPois rN+ Str+4}
rCold   . . .      Faith    .   c - +2 buckler
rNeg    + + .      Spirit   .   h - +0 chain mail
rPois   ∞          Reflect  .   (no helmet)
rElec   +          Harm     .   (no cloak)
rCorr   .          Rampage  .   (no gloves)
Will    .....                   i - +0 pair of boots
Stlth   ..........              (no amulet)
HPRegen 0.18/turn               (no ring)
MPRegen 0.11/turn               (no ring)

@: no status effects
A: sickness immunity, AC +6, negative energy resistance 1, electricity
resistance, torment resistance 1, petrification resistance
a: Renounce Religion, Curse Item


You were on level 8 of the Dungeon.
You worshipped Ashenzari.
Ashenzari was noncommittal.
You visited 2 branches of the dungeon, and saw 9 of its levels.
You also visited: Ossuary.

You collected 357 gold pieces.
You spent 20 gold pieces at shops.

Inventory:

Hand Weapons
 m - a +0 war axe
 C - the +5 trident of the Moon (weapon) {holy, rPois rN+ Str+4}
   (You found it on level 7 of the Dungeon)

   It has been blessed by the Shining One to cause great damage to the undead
   and demons.
   Str:       It affects your strength (+4).
   rPois:     It protects you from poison.
   rN:        It protects you from negative energy.
Missiles
 A - a throwing net (quivered)
Armour
 c - a +2 buckler (worn)
 h - a +0 chain mail (worn)
 i - a +0 pair of boots (worn)
Wands
 v - a wand of digging (6)
 x - a wand of iceblast (10)
 y - a wand of mindburst (5)
Scrolls
 a - a scroll of magic mapping {unknown}
 b - a scroll of blinking
 g - 4 scrolls of fear
 j - a scroll of enchant weapon
 l - a scroll of silence
 p - 2 scrolls of brand weapon
 q - 3 scrolls of teleportation
 z - 2 scrolls of poison
Potions
 d - 4 potions of might
 e - a potion of flight
 f - 2 potions of berserk rage
 k - a potion of lignification {unknown}
 n - a potion of magic {unknown}
 o - 2 potions of degeneration {unknown}
 r - a potion of mutation {unknown}
 s - 5 potions of curing
 t - a potion of brilliance
 u - 2 potions of haste
 w - a potion of resistance {unknown}


   Skills:
 + Level 5.8 Fighting
 + Level 7.6(7.8) Axes
 + Level 2.1(5.2) Polearms
 + Level 6.6 Armour
 + Level 0.7 Dodging
 + Level 4.9 Shields
 * Level 3.6 Evocations


You had 8 spell levels left.
You didn't know any spells.
Your spell library contained the following spells:

 Spells                   Type           Power      Damage    Failure   Level
 Call Canine Familiar     Summ           0%         N/A       100%        3
 Gell's Gravitas          Tloc           0%         N/A       100%        3
 Lesser Beckoning         Tloc           0%         N/A       100%        3
 Portal Projectile        Hex/Tloc       0%         N/A       100%        3
 Teleport Other           Tloc           0%         N/A       100%        3
 Leda's Liquefaction      Hex/Erth       0%         N/A       100%        4
 Borgnjor's Revivificati  Necr           0%         N/A       100%        8
 Necromutation            Tmut/Necr      0%         N/A       100%        8
 Death's Door             Necr           0%         N/A       100%        9


Dungeon Overview and Level Annotations

Branches:
Dungeon (8/15)             Temple (1/1) D:6         Ossuary (visited)
   Lair: D:8-11

Altars:
Ashenzari
Cheibriados
Dithmenos
Elyvilon
Fedhas
Gozag
Hepliaklqana
Kikubaaqudgha
Makhleb
Nemelex Xobeh
Qazlal
Ru
Sif Muna
Trog
Uskayaw
Vehumet
Wu Jian
Xom
Yredelemnul
Zin
The Shining One

Shops:
D:1 :*!?   D:7 =

Annotations:
D:8 Amaemon, Grum


Innate Abilities, Weirdness & Mutations

You are immune to sickness and miasma.
Your stone body is resilient. (AC +6)
You are immune to poison.
You resist negative energy. (rN+)
You are resistant to electric shocks. (rElec)
You are resistant to unholy torment.
You are immune to petrification.


Message History

Grum hits you from afar with a +1 spear.
The wolf bites you but does no damage.
You barely miss the wolf.
The wolf is heavily wounded.
The wolf bites you. Grum hits you but does no damage.
You are too injured to fight recklessly!
You are too injured to fight recklessly!
You are too injured to fight recklessly!
You are too injured to fight recklessly!
You are too injured to fight recklessly!
You are too injured to fight recklessly!
You are too injured to fight recklessly!
You are too injured to fight recklessly!
You are too injured to fight recklessly!
You are too injured to fight recklessly!
The wolf completely misses you.
Grum shouts, "Fluffy!
Good boy!"
Grum closely misses you. The wolf bites you.
You are too injured to fight recklessly!
You are too injured to fight recklessly!
You are too injured to fight recklessly!
You are too injured to fight recklessly!
You miss the wolf.
The wolf is heavily wounded.
You block Grum's attack. The wolf bites you!
* * * LOW HITPOINT WARNING * * *
You closely miss the wolf.
The wolf bites you but does no damage. x2
Grum barely misses you. The wolf completely misses you.
The wolf bites you but does no damage.
You puncture the wolf!
The wolf is heavily wounded.
The wolf bites you but does no damage. The wolf bites you.
* * * LOW HITPOINT WARNING * * *
You block Grum's attack. You block the wolf's attack.
The wolf bites you but does no damage.
You puncture the wolf!
The wolf is almost dead.
The wolf bites you but does no damage.
Grum hits you from afar with a +1 spear!
You die...

#######
#.....############## ...#
#.....#............# ...#
#.<...#............# ...(#
+.....#......).....# ....#
#.....#........h@..#.....#
#.....##########h###.....#
#................g........
######....................
#....................
#................g...
#...................h
.....
#.................... ....
#.................h.. ....


You could see Grum and 2 wolves.

Vanquished Creatures
  Prince Ribbit (D:8)
  A wyvern (D:7)
  A sky beast (D:7)
  An ice beast (D:3)
  An orc warrior (D:7)
  A wolf (D:8)
  3 ogres
  A centaur (D:8)
  A phantom (D:4)
  2 kobold brigands
  3 elf zombies (Ossuary)
  A necrophage (D:6)
  A bullfrog (D:7)
  A howler monkey (D:5)
  2 centaur zombies (Ossuary)
  2 hounds
  3 human zombies (Ossuary)
  5 orc priests (D:7)
  An iguana (D:5)
  3 orc wizards (D:7)
  2 mummies (Ossuary)
  8 adders
  5 gnolls (D:3)
  2 shadow imps
  A white imp (D:5)
  An adder zombie (Ossuary)
  A worm (D:5)
  A dart slug (D:2)
  14 orcs
  4 bats
  7 endoplasms
  6 goblins
  6 hobgoblins
  5 jackals (D:3)
  A quokka (D:2)
  7 ball pythons
  A frilled lizard (D:2)
  8 hobgoblin zombies (Ossuary)
  2 jackal zombies (Ossuary)
  11 kobolds
  11 kobold zombies (Ossuary)
  6 orc zombies (Ossuary)
  6 rats
151 creatures vanquished.

Notes
Turn   | Place    | Note
-------+----------+-------------------------------------------
     0 | D:1      | soggyman666 the Gargoyle Fighter began the quest for the
                  | Orb.
     0 | D:1      | Reached XP level 1. HP: 14/14 MP: 1/1
   253 | D:1      | Found a faded altar of an unknown god.
   257 | D:1      | Reached XP level 2. HP: 12/19 MP: 2/2
   363 | D:1      | Found Wuyluy's Distillery.
   478 | D:1      | Found Isikitan's General Store.
   485 | D:1      | Bought a scroll of identify for 20 gold pieces
   586 | D:1      | Found Xuidaimp's Book Boutique.
   789 | D:1      | Found Ilur's Magic Scroll Shoppe.
   962 | D:2      | You fall into a shaft and drop 2 floors!
   988 | D:4      | Reached skill level 2 in Axes
  1190 | D:4      | Found a sand-covered staircase.
  1199 | Ossuary  | Entered an ossuary
  1227 | Ossuary  | Reached XP level 3. HP: 24/24 MP: 3/3
  1543 | Ossuary  | Reached skill level 3 in Axes
  1543 | Ossuary  | Reached XP level 4. HP: 19/29 MP: 4/4
  1543 | Ossuary  | Reached XP level 5. HP: 22/33 MP: 5/5
  1671 | Ossuary  | Reached skill level 4 in Axes
  1671 | Ossuary  | Reached XP level 6. HP: 29/38 MP: 6/6
  1815 | Ossuary  | Reached skill level 5 in Axes
  2163 | D:3      | Reached XP level 7. HP: 42/44 MP: 7/7
  2417 | D:3      | Found an ornate altar of the Wu Jian Council.
  3538 | D:3      | Found a blossoming altar of Fedhas.
  3540 | D:3      | Found a hide-covered altar of Uskayaw.
  3540 | D:3      | Found a glowing golden altar of the Shining One.
  3545 | D:3      | Found an ancient bone altar of Kikubaaqudgha.
  4506 | D:5      | Entered Level 5 of the Dungeon
  4776 | D:5      | Reached skill level 5 in Armour
  4917 | D:5      | Reached skill level 6 in Axes
  5423 | D:5      | Reached XP level 8. HP: 9/48 MP: 8/8
  5971 | D:6      | Found a staircase to the Ecumenical Temple.
  5980 | Temple   | Entered the Ecumenical Temple
  6022 | Temple   | Became a worshipper of Ashenzari the Shackled
  6129 | D:6      | Reached skill level 1 in Evocations
  6157 | D:6      | Found a sparkling altar of Nemelex Xobeh.
  6435 | D:6      | Reached skill level 5 in Fighting
  7114 | D:7      | Noticed a wyvern
  7123 | D:7      | Killed a wyvern
  7124 | D:7      | Reached skill level 7 in Axes
  7323 | D:7      | Identified the +5 trident of the Moon {holy, rPois rN+
                  | Str+4}
  7892 | D:7      | Reached XP level 9. HP: 54/54 MP: 9/9
  7981 | D:7      | Found Gyent's Jewellery Emporium.
  8707 | D:8      | Reached skill level 1 in Polearms
  8814 | D:8      | Noticed Prince Ribbit
  8835 | D:8      | Killed Prince Ribbit
  8924 | D:8      | Noticed Amaemon
  8929 | D:8      | Noticed an orange demon
  9288 | D:8      | Noticed Grum
  9304 | D:8      | Slain by Grum

Illustrated notes

Levels and vault maps discovered:
D:1:      ncdulo_lavacross, layout_basic, ebering_ecumenical_altar_mist,
          serial_shops, nicolae_lakefront_shop, nicolae_shop_crystal,
          nicolae_shop_hallway_stairs, shop
D:2:      layout_basic, chequers_serial_rivers_micro_c
D:3:      layout_loops_corners, minitemple, nzn_wu_jian_contemplation,
          st_stairs_5, small_statue_alley_b
D:4:      layout_layer_cave, enter_ossuary_1, nicolae_elevator_lobby_plus
D:5:      layout_gridville
D:6:      layout_cave_pods, mainiacjoe_overflow_boulevard,
          minmay_temple_entry_tees
D:7:      layout_loops_ring, serial_shops, shop_coins, kennysheep_generic_room_3
D:8:      layout_gridville, nicolae_overflow_hidden_temple, uniq_grum,
          uniq_pikel, uniq_prince_ribbit1, uniq_amaemon
Temple:   nicolae_temple_superstar

Skill      XL: |  1  2  3  4  5  6  7  8  9 |
---------------+----------------------------+-----
Axes           | 2 3 4 5 6 7 |  7.6
Fighting       | 4 5 |  5.8
Armour         | 4 5 6 |  6.6
Shields        | 4 |  4.9
Evocations     | 3 |  3.6
Polearms       | 2 |  2.1
Dodging        | |  0.7

Action                   |  1- 3 |  4- 6 |  7- 9 || total
-------------------------+-------+-------+-------++-------
Melee: War axe           |   100 |   127 |   245 ||   472
       Trident           |       |       |   108 ||   108
Invok: Curse Item        |       |       |     1 ||     1
       Shatter the Chain |       |       |     1 ||     1
  Use: Scroll            |     4 |       |    13 ||    17
Armor: Scale mail        |     6 |       |       ||     6
       Chain mail        |    40 |    69 |   202 ||   311
Dodge: Dodged            |    22 |    31 |   125 ||   178
Block: Buckler           |    19 |    33 |   103 ||   155
